 Dungeon Crawl Stone Soup version 0.25.1-2-g60ff931df9 (webtiles) character file.

Game seed: 6516201636199967884

35 Froggeryz the Cudgeler (level 3, 0/23 HPs)
             Began as a Gargoyle Fighter on Sept 14, 2020.
             Shot with a stone by a goblin (2 damage)
             ... on level 2 of the Dungeon.
             The game lasted 00:00:51 (859 turns).

Froggeryz the Cudgeler (Gargoyle Fighter)            Turns: 859, Time: 00:00:52

Health: 0/23       AC: 11    Str: 20    XL:     3   Next: 35%
Magic:  3/3        EV:  7    Int:  8    God:
Gold:   54         SH:  9    Dex:  9    Spells: 2/2 levels left

rFire    . . .     SeeInvis .   a - +0 flail
rCold    . . .     Gourm    .   c - +0 kite shield
rNeg     + . .     Faith    .   b - +0 scale mail
rPois    ∞         Spirit   .   (no helmet)
rElec    +         Reflect  .   (no cloak)
rCorr    .         Harm     .   (no gloves)
MR       .....                  i - +0 pair of boots
Stlth    ..........             (no amulet)
HPRegen  0.07/turn              (no ring)
MPRegen  0.08/turn              (no ring)

@: no status effects
A: negative energy resistance 1, electricity resistance, unbreathing,
petrification resistance, rot immunity, AC +3
a: no special abilities


You were on level 2 of the Dungeon.
You were not hungry.

You visited 1 branch of the dungeon, and saw 2 of its levels.

You collected 54 gold pieces.

Inventory:

Hand Weapons
 a - a +0 flail (weapon)
Missiles
 h - 22 poisoned darts (quivered)
Armour
 b - a +0 scale mail (worn)
 c - a +0 kite shield (worn)
 i - a +0 pair of boots (worn)
Scrolls
 e - 2 scrolls of remove curse {unknown}
 j - a scroll of enchant armour {unknown}
 k - a scroll of enchant weapon {unknown}
 l - a scroll of teleportation {unknown}
 o - a scroll of identify {unknown}
Potions
 d - a potion of cancellation {unknown}
 g - 2 potions of curing {unknown}
 n - a potion of flight {unknown}
 p - a potion of lignification {unknown}
Comestibles
 f - 2 rations
 m - 5 chunks of flesh


   Skills:
 - Level 3.2 Fighting
 * Level 3.3 Maces & Flails
 + Level 1.1 Throwing
 - Level 3.2 Armour
 - Level 3.2 Shields


You had 2 spell levels left.
You didn't know any spells.
Your spell library was empty.

Dungeon Overview and Level Annotations

Branches:
Dungeon (1/15)

Altars:


Innate Abilities, Weirdness & Mutations

You are resistant to torment.
Your stone body is resilient. (AC +3)
You are immune to poison.
You resist negative energy. (rN+)
You are resistant to electric shocks. (rElec)
You can survive without breathing.
You are immune to petrification.
You are immune to rotting.


Message History

* * * LOW HITPOINT WARNING * * *
You are too injured to fight recklessly!
You are too injured to fight recklessly!
Your shield and scale mail prevent you from hitting the worm.
The worm is severely wounded.
The worm bites you.
* * * LOW HITPOINT WARNING * * *
You sock the worm!
You kill the worm!
A goblin comes into view. It is wielding a +0 dagger.
Things that are here:
a +0 club x2; a goblin corpse You butcher the goblin corpse.
Items here: % )) ÷ a +0 club x2; 3 chunks of flesh; a goblin skeleton The goblin unwields a +0 dagger.
The goblin wields a +0 hunting sling.
The goblin shoots a stone.
The stone barely misses you.
You see here a stone.
The goblin shoots a stone.
The stone hits you.
You die...

#. <.#
#.####.###$.##.
...............
..w...>..#
#.####.#g# #.#)#
..... #.#(# <....
#.#.# ....#
#.#@#####....###.###
#.#.##........(.....
#.#....#.####.####..
####...#[#...#.#..
.#####..##.....##.#
.........#.......#.#
#######.[...(⌠......
#..#...(...#
#..##...).## .


You could see a goblin.

Vanquished Creatures
  An adder (D:2)
  2 worms (D:2)
  A dart slug (D:2)
  5 bats
  A giant cockroach (D:2)
  2 goblins (D:2)
  2 hobgoblins
  2 frilled lizards (D:1)
  2 kobolds (D:2)
  A rat (D:1)
19 creatures vanquished.

Notes
Turn   | Place    | Note
-------+----------+-------------------------------------------
     0 | D:1      | Froggeryz the Gargoyle Fighter began the quest for the Orb.
     0 | D:1      | Reached XP level 1. HP: 14/14 MP: 1/1
   234 | D:1      | Reached XP level 2. HP: 17/19 MP: 2/2
   237 | D:1      | You fall into a shaft and drop 1 floor!
   399 | D:2      | Reached XP level 3. HP: 3/23 MP: 3/3
   723 | D:2      | Reached skill level 1 in Throwing
   859 | D:2      | Shot with a stone by a goblin

Illustrated notes

Levels and vault maps discovered:
D:1:      lightli_arrival_noodles, layout_basic
D:2:      layout_loops_ring, minmay_crystal_water, minmay_nonomino_d4

Skill      XL: |  1  2  3 |
---------------+----------+-----
Maces & Flails | 3 |  3.3
Throwing       | 1 |  1.1
Fighting       | |  3.2
Armour         | |  3.2
Shields        | |  3.2

Action                   || total
-------------------------++-------
Melee: Flail             ||    96
  Use: Potion            ||     1
Armor: Scale mail        ||    55
Dodge: Dodged            ||    34
Block: Kite shield       ||    57
